 Dungeon Crawl Stone Soup version 0.17-a0-1596-g1e86911 (webtiles) character file.

14315 zinus the Charmwright (level 12, -7/91 HPs)
             Began as a Human Skald on July 28, 2015.
             Was a High Priest of Zin.
             Mangled by Nergalle
             ... wielding a +1 dagger of electrocution
              (15 damage)
             ... on level 2 of the Orcish Mines on July 30, 2015.
             The game lasted 02:55:15 (9740 turns).

zinus the Charmwright (Human Skald)                 Turns: 9740, Time: 02:55:15

Health: -7/91      AC: 18    Str: 14    XL:     12   Next: 43%
Magic:  7/20       EV: 12    Int: 17    God:    Zin [*****.]
Gold:   612        SH:  3    Dex: 15    Spells: 3 memorised, 17 levels left

rFire  . . .     SeeInvis .     a - +3 spear (flame)
rCold  . . .     Clarity  .     w - +2 ring mail {MR+}
rNeg   . . .     SustAt   .     o - +0 buckler
rPois  ∞         Gourm    .     Q - +0 helmet
rElec  .         Spirit   .     (no cloak)
rCorr  .         Warding  .     y - +0 pair of gloves
rMut   .         Stasis   .     h - +2 pair of boots
MR     +....                    n - amulet of regeneration
Stlth  +.........               k - +6 ring of protection
                                p - +3 ring of evasion

@: vitalised, short of breath, very slightly contaminated, very heavily drained,
somewhat resistant to hostile enchantments, very unstealthy
A: no striking features
a: Recite, Vitalisation, Imprison, Sanctuary, Renounce Religion


You were on level 2 of the Orcish Mines.
You worshipped Zin.
Zin was extremely pleased with you.
You were not hungry.

You visited 3 branches of the dungeon, and saw 15 of its levels.
You also visited: Bailey.

You collected 680 gold pieces.
You donated 68 gold pieces to Zin.

Inventory:

Hand weapons
 a - a +3 spear of flaming (weapon)
 q - a +0 glaive
 u - a +0 trident
Missiles
 U - 33 tomahawks of returning (quivered)
Armour
 h - a +2 pair of boots (worn)
 o - a +0 buckler (worn)
 w - a +2 ring mail of magic resistance (worn)
 y - a +0 pair of gloves (worn)
 H - a +0 leather armour
 Q - a +0 helmet (worn)
 T - a +2 ring mail of cold resistance
Jewellery
 k - a +6 ring of protection (right hand)
 n - an amulet of regeneration (around neck)
 p - a +3 ring of evasion (left hand)
 A - an uncursed amulet of warding
 E - an uncursed ring of protection from fire
 O - an uncursed amulet of resist corrosion
Magical devices
 m - a wand of confusion (30)
 t - a wand of disintegration (11)
 I - a wand of lightning (3)
 K - a wand of random effects (16)
 M - a wand of heal wounds (0)
Scrolls
 b - a scroll of acquirement {unknown}
 e - a scroll of amnesia {unknown}
 g - a scroll of blinking
 j - 3 scrolls of remove curse
 r - a scroll of teleportation
 B - 2 scrolls of magic mapping
 C - a scroll of brand weapon
 F - a scroll of enchant weapon
 G - a scroll of fear {unknown}
 J - a scroll of torment {unknown}
 P - a scroll of fog {unknown}
Potions
 l - a potion of curing
 v - a potion of brilliance
 x - a potion of lignification
 N - 3 potions of flight
Books
 c - a book of Battle

   Spells                             Type                      Level
   a - Infusion                       Charms                       1
   b - Shroud of Golubria             Charms/Translocation         2
   c - Song of Slaying                Charms                       2
   d - Spectral Weapon                Hexes/Charms                 3
   e - Regeneration                   Charms/Necromancy            3
 s - a book of Summonings

   Spells                             Type                      Level
   a - Recall                         Summoning/Translocation      3
   b - Aura of Abjuration             Summoning                    5
   c - Shadow Creatures               Summoning                    5
   d - Summon Demon                   Summoning                    5
   e - Summon Forest                  Summoning/Translocation      5
   f - Summon Mana Viper              Hexes/Summoning              5
Miscellaneous
 R - a lamp of fire
 V - a plain deck of escape
 W - a stone of tremors
Comestibles
 d - 6 bread rations
 f - 7 meat rations
 i - 10 fruits
 D - a slice of pizza


   Skills:
 * Level 7.3(0.0) Fighting
 * Level 6.7(0.0) Polearms
 * Level 7.5(0.0) Armour
 + Level 5.6(0.0) Dodging
 * Level 6.3(0.0) Shields
 * Level 5.5(0.0) Spellcasting
 * Level 7.9(0.1) Charms
 * Level 7.6(0.0) Translocations
 - Level 5.1(0.0) Invocations


You had 17 spell levels left.
You knew the following spells:

 Your Spells              Type           Power        Failure   Level  Hunger
a - Infusion              Chrm           #.....       82%         1    ##.....
b - Shroud of Golubria    Chrm/Tloc      #.........   95%         2    ###....
c - Song of Slaying       Chrm           #.......     95%         2    ###....


Dungeon Overview and Level Annotations

Branches:
Dungeon (11/15)            Temple (0/1) D:6            Lair (1/8) D:9
    Orc (3/4) D:11
    Elf: Orc:3-4

Altars:
Cheibriados
Dithmenos
Elyvilon
Gozag
Makhleb
Nemelex Xobeh
Qazlal
Ru
Sif Muna
Trog
Vehumet
Xom
Zin
The Shining One
Beogh

Shops:
D:8 =

Annotations:
D:7 !
Orc:2 Nergalle


Message History

Nergalle points at you and mumbles some strange words.
The bolt of negative energy hits you!
You feel drained.
* * * LOW HITPOINT WARNING * * *
The spectral orc warrior hits you but does no damage.
The spectral orc warlord barely misses you. x2
The spectral orc warrior barely misses you.
The spectral orc hits you with a club.
* * * LOW HITPOINT WARNING * * *
The spectral orc warlord hits you but does no damage.
You feel drained. Nergalle hits you but does no damage.
You are electrocuted!
* * * LOW HITPOINT WARNING * * *
The spectral orc warrior hits you but does no damage.
The spectral orc warlord hits you but does no damage.
The spectral orc warrior barely misses you.
You climb upwards.
You are no longer magically infusing your attacks.
There is a stone staircase leading down here.
You feel better.
Nergalle is no longer invulnerable.
Nergalle hits you but does no damage.
You are electrocuted!
You die...

###.....# ##.# ##......# #...
#.......# #... ####......# #...
##<#.......### ###...
#............###.....
#####.......###.......... ###
##.[#....o....#####....... #
##.###..)[[...@...####.........
###...#.#[)#[#.........##........
##.........####...........).((...
###.......## ##............#)...
.##......## ##...........##...
.......### ##......#######.
........# #<.......# #. .......##
##.....### ## ........# #.....#


You could see Nergalle.

Vanquished Creatures
  2 hill giants
  The ghost of Zgarb the Thaumaturge, an experienced GrEE of Vehumet (D:6)
  Psyche (D:8)
  Prince Ribbit (D:6)
  2 wyverns
  Eustachio (D:6)
  6 yaks (D:10)
  A hippogriff (D:6)
  4 hungry ghosts
  A warg (Orc:2)
  Edmund (D:5)
  3 porcupines
  A wasp (D:10)
  Duvessa (D:7)
  11 orc warriors
  A black bear (D:8)
  A sky beast (D:11)
  5 ice beasts
  6 centaurs
  A crocodile (D:7)
  4 ogres
  4 giant frogs
  A scorpion (D:9)
  Dowan (D:7)
  7 killer bees
  A centaur zombie (D:9)
  2 hounds
  2 iguanas
  12 crimson imps
  14 orc priests
  13 orc wizards
  Crazy Yiuf (D:5)
  A centaur skeleton (D:5)
  2 hell rats (D:7)
  Terence (D:3)
  2 killer bee zombies
  8 worker ants
  7 gnolls
  10 river rats (Lair:1)
  5 adders
  4 shadow imps
  3 white imps (D:11)
  An adder zombie (D:9)
  2 worms
  3 giant geckos
  57 orcs
  19 bats
  18 goblins
  15 hobgoblins
  9 jackals
  A ball python (D:1)
  3 giant cockroaches
  2 giant gecko skeletons
  5 giant newts
  23 kobolds
  5 quokkas
  A quokka skeleton (D:6)
  15 rats
335 creatures vanquished.

Vanquished Creatures (others)
  An adder (D:7)
  A giant gecko (D:7)
  A kobold (D:7)
3 creatures vanquished.

Grand Total: 338 creatures vanquished

Notes
Turn   | Place    | Note
--------------------------------------------------------------
     0 | D:1      | zinus the Human Skald began the quest for the Orb.
     0 | D:1      | Reached XP level 1. HP: 16/16 MP: 3/3
   253 | D:1      | Reached XP level 2. HP: 22/22 MP: 1/5
   640 | D:1      | Reached XP level 3. HP: 25/27 MP: 3/6
   644 | D:1      | Learned a level 2 spell: Shroud of Golubria
   750 | D:2      | Found an opulent altar of Gozag.
   784 | D:2      | Found a faded altar to an unknown god.
   806 | D:2      | Became a worshipper of Zin the Law-Giver
   806 | D:2      | Acquired Zin's first power
   932 | D:2      | Found a white marble altar of Elyvilon.
   988 | D:2      | Reached skill level 1 in Translocations
  1203 | D:2      | Reached XP level 4. HP: 34/34 MP: 4/7
  1275 | D:2      | Acquired Zin's second power
  1568 | D:3      | Found a sparkling altar of Nemelex Xobeh.
  1618 | D:3      | Noticed Terence
  1628 | D:3      | Killed Terence
  1772 | D:3      | Found a deep blue altar of Sif Muna.
  1843 | D:3      | Reached XP level 5. HP: 39/39 MP: 5/8
  1851 | D:3      | Found a stormy altar of Qazlal.
  1946 | D:3      | Reached skill level 1 in Invocations
  2012 | D:3      | Found a sacrificial altar of Ru.
  2075 | D:4      | Acquired Zin's third power
  2427 | D:4      | Reached XP level 6. HP: 47/47 MP: 9/9
  2588 | D:4      | Found a glowing golden altar of the Shining One.
  2790 | D:5      | Entered Level 5 of the Dungeon
  2790 | D:5      | Found a snail-covered altar of Cheibriados.
  2802 | D:5      | Noticed an ice beast
  2832 | D:5      | Killed an ice beast
  2985 | D:5      | Noticed Edmund
  3024 | D:5      | Killed Edmund
  3024 | D:5      | Reached skill level 1 in Shields
  3024 | D:5      | Reached skill level 4 in Charms
  3024 | D:5      | Reached XP level 7. HP: 52/52 MP: 3/10
  3162 | D:5      | Found a bloodstained altar of Trog.
  3207 | D:5      | Noticed an ice beast
  3238 | D:5      | Killed an ice beast
  3250 | D:5      | Found a shimmering altar of Xom.
  3338 | D:5      | Reached XP level 8. HP: 58/58 MP: 5/11
  3459 | D:5      | Noticed Crazy Yiuf
  3473 | D:5      | Killed Crazy Yiuf
  3623 | D:5      | Found a burning altar of Makhleb.
  3623 | D:5      | Noticed a balrug
  3760 | D:6      | Noticed Eustachio
  3770 | D:6      | Noticed Prince Ribbit
  3856 | D:6      | Killed Eustachio
  4004 | D:6      | Reached skill level 5 in Charms
  4011 | D:6      | Found a staircase to the Ecumenical Temple.
  4345 | D:6      | Killed Prince Ribbit
  4345 | D:6      | Reached XP level 9. HP: 48/65 MP: 3/13
  4525 | D:6      | Noticed Zgarb's ghost (experienced GrEE)
  4781 | D:6      | Killed Zgarb's ghost
  4841 | D:7      | Found a shadowy altar of Dithmenos.
  4867 | D:7      | Reached skill level 5 in Invocations
  4919 | D:7      | Found a stormy altar of Qazlal.
  5085 | D:7      | Learned a level 2 spell: Song of Slaying
  5122 | D:7      | Reached skill level 5 in Fighting
  5246 | D:7      | Noticed Duvessa
  5246 | D:7      | Noticed Dowan
  5256 | D:7      | Killed Dowan
  5282 | D:7      | Killed Duvessa
  5328 | D:7      | Reached XP level 10. HP: 56/74 MP: 4/14
  5447 | D:8      | Reached skill level 5 in Translocations
  5449 | D:8      | Noticed Psyche
  5466 | D:8      | Killed Psyche
  5466 | D:8      | Reached skill level 5 in Armour
  5466 | D:8      | Reached skill level 6 in Charms
  5508 | D:8      | Found Cacsyum's Jewellery Boutique.
  6046 | D:9      | Found a staircase to the Lair.
  6491 | Lair:1   | Entered Level 1 of the Lair of Beasts
  6556 | Lair:1   | Noticed a five-headed hydra
  6949 | D:8      | Reached skill level 7 in Fighting
  6949 | D:8      | Reached skill level 5 in Dodging
  6949 | D:8      | Reached skill level 5 in Shields
  6949 | D:8      | Reached skill level 5 in Spellcasting
  6949 | D:8      | Reached XP level 11. HP: 80/84 MP: 15/18
  7521 | D:9      | Acquired Zin's fourth power
  7630 | D:10     | Entered Level 10 of the Dungeon
  7907 | D:10     | Noticed a hill giant
  7916 | D:10     | Killed a hill giant
  7916 | D:10     | Reached XP level 12. HP: 54/91 MP: 2/19
  7925 | D:10     | Found a radiant altar of Vehumet.
  7941 | D:10     | Paralysed by a wasp for 1 turns
  8072 | D:11     | Upgraded the game from 0.17-a0-1582-ge6b0260 to 0.17-a0-1596-g1e86911
  8085 | D:11     | Found a staircase to the Orcish Mines.
  8713 | Orc:1    | Entered Level 1 of the Orcish Mines
  9008 | Orc:2    | Found a flagged portal.
  9013 | Bailey   | Entered a bailey
  9619 | Orc:2    | Found a roughly hewn altar of Beogh.
  9690 | Orc:3    | Noticed Nergalle
  9694 | Orc:3    | Noticed a spectral orc warlord
  9705 | Orc:3    | Noticed a spectral orc warlord
  9738 | Orc:3    | HP: 2/91 [Nergalle/dagger of electrocution (13)]
  9740 | Orc:2    | Mangled by Nergalle

Vault maps used:
D:1:      lemuel_arrival_behind_the_door_small
D:2:      grunt_gozag_statues, elyvilon_altar_5, ecumenical_altar_2, first_bread
D:3:      lemuel_doored_altar, lemuel_crystal_altar,
          nicolae_overflow_crystal_walls, lemuel_coloured_pillars_altar,
          uniq_terence
D:4:      tso_altar, corexii_shack, hangedman_decor_points,
          corexii_leaking_fountain
D:5:      makhleb_altar_promises_db, bloody_trog, kennysheep_little_box,
          cheibriados_altar_1, uniq_crazy_yiuf_cottage, uniq_edmund
D:6:      minmay_temple_entry_overgrown, minmay_misc_feat_rows,
          uniq_prince_ribbit1, uniq_eustachio
D:7:      kennysheep_mini, grunt_ogre_cave, grunt_qazlal_clouds, uniq_duvessa
D:8:      serial_shops, shop, uniq_psyche
D:9:      nicolae_overflow_hidden_temple, dpeg_lair_monsters
D:10:     basic_altar, fedhas_altar_1, uniq_harold
D:11:     orc_0_dummy, minmay_nine_imps
Orc:2:    nicolae_orc_accident_2, enter_bailey_3, mines2_lemuel
Orc:3:    nicolae_orc_pool_cavern, uniq_nergalle, uniq_maurice
Bailey:   bailey_axe_4, bailey

Action                   |  1- 3 |  4- 6 |  7- 9 | 10-12 || total
-------------------------+-------+-------+-------+-------++-------
Melee: Spear             |   115 |   168 |   686 |  1076 ||  2045
 Cast: Infusion          |    15 |    19 |    31 |    34 ||    99
       Shroud of Golubri |       |     1 |    29 |    56 ||    86
       Song of Slaying   |       |       |       |    18 ||    18
Invok: Recite            |       |     9 |    13 |    17 ||    39
       Vitalisation      |       |     1 |     1 |     2 ||     4
Evoke: Wand              |       |       |       |     5 ||     5
  Use: Scroll            |     5 |     3 |     6 |     9 ||    23
       Potion            |       |     1 |     1 |    28 ||    30
 Stab: Sleeping          |     2 |     2 |       |       ||     4
       Invisible         |       |       |     6 |     2 ||     8
       Confused          |       |       |     6 |     3 ||     9
       Paralysed         |       |       |       |     6 ||     6
  Eat: Chunk             |     1 |     4 |     6 |    18 ||    29
       Bread ration      |       |     1 |       |       ||     1
       Beef jerky        |       |       |     1 |     1 ||     2
       Meat ration       |       |       |     1 |     1 ||     2
       Fruit             |       |       |       |     1 ||     1
